 Dungeon Crawl Stone Soup version 0.31-a0-217-g58bb5d79cf (webtiles) character file.

Game seed: 14996365769001205559

189 qw the Shooter (level 5, -7/31 HPs)
             Began as a Gargoyle Hexslinger on July 2, 2023.
             Mangled by a black bear (11 damage)
             ... on level 4 of the Dungeon.
             The game lasted 00:01:16 (2477 turns).

qw the Shooter (Gargoyle Hexslinger)                Turns: 2477, Time: 00:01:16

Health: -7/31      AC:  9    Str: 12    XL:     5   Next: 68%
Magic:  6/6        EV: 12    Int: 13    God:
Gold:   145        SH:  0    Dex: 14    Spells: 5/6 levels left

rFire   + . .        Y - +1 sling
rCold   . . .        (no shield)
rNeg    + . .        c - +0 robe
rPois   inf          i - +0 helmet
rElec   +            m - +0 cloak
rCorr   .            j - +0 pair of gloves
SInv    +            (no boots)
Will    .....        (no amulet)
Stlth   +            f - ring of protection from fire
HPRegen 0.25/turn    l - ring of see invisible
MPRegen 0.10/turn

%: no passive effects
@: no status effects
A: sickness immunity, AC +4, negative energy resistance 1, electricity
resistance, torment resistance 1, petrification resistance
a: no special abilities


You were on level 4 of the Dungeon.
You visited 1 branch of the dungeon, and saw 4 of its levels.

You collected 145 gold pieces.


Innate Abilities, Weirdness & Mutations

You are immune to sickness and miasma.
Your stone body is resilient. (AC +4)
You are immune to poison.
You resist negative energy. (rN+)
You are resistant to electric shocks. (rElec)
You are resistant to unholy torment.
You are immune to petrification.


   Skills:
 + Level 2.6 Fighting
 - Level 5.2 Ranged Weapons
 - Level 1.5 Dodging
 - Level 1.0 Spellcasting
 - Level 2.6 Hexes


You had 5 spell levels left.
You knew the following spells:

 Your Spells              Type           Power      Damage    Failure   Level
a - Slow                  Hex            28%        N/A       10%         1

Your spell library contained the following spells:

 Spells                   Type           Power      Damage    Failure   Level
 Inner Flame              Hex/Fire       4%         N/A       43%         3
 Portal Projectile        Hex/Tloc       8%         N/A       43%         3
 Cause Fear               Hex            3%         N/A       67%         4

Inventory:

Hand Weapons
 Y - a +1 sling (weapon)
Armour
 c - a +0 robe (worn)
 d - a +0 leather armour
 i - a +0 helmet (worn)
 j - a +0 pair of gloves (worn)
 m - a +0 cloak (worn)
Jewellery
 f - a ring of protection from fire (left hand)
 h - an amulet of regeneration
 l - a ring of see invisible (right hand)
Scrolls
 e - a scroll of identify
 n - a scroll of fog {unknown}
Potions
 g - a potion of might

Dungeon Overview and Level Annotations

Branches:
Dungeon (4/15)
 Temple: D:4-7

Altars:
Sif Muna

Shops:
D:1 ?


Message History

The iguana misses you. The black bear closely misses you.
The black bear completely misses you. The black bear closely misses you.
You shoot a sling bullet.
The sling bullet closely misses the black bear.
The iguana barely misses you. The black bear closely misses you.
The black bear barely misses you. x2; The iguana closely misses you.
The black bear misses you. The black bear claws you.
The black bear claws you but does no damage.
You shoot a sling bullet.
The sling bullet hits the black bear but does no damage.
The black bear is heavily wounded.
The iguana barely misses you.
The black bear bites you but does no damage.
The black bear claws you but does no damage.
The black bear closely misses you.
You shoot a sling bullet. The sling bullet hits the black bear.
The black bear is heavily wounded.
The iguana bites you but does no damage.
The black bear bites you.
The black bear claws you but does no damage.
The black bear closely misses you.
You shoot a sling bullet. The sling bullet hits the black bear!
The black bear is almost dead.
The iguana bites you but does no damage.
The black bear bites you but does no damage.
The black bear claws you but does no damage. x2
You shoot a sling bullet.
The sling bullet closely misses the black bear.
The iguana closely misses you. The black bear closely misses you.
The black bear misses you. The black bear claws you.
You shoot a sling bullet. The sling bullet hits the black bear.
The black bear is almost dead.
The iguana bites you.
The black bear goes berserk!
You shoot a sling bullet.
The sling bullet hits the black bear but does no damage.
The black bear is almost dead.
The black bear barely misses you. The black bear misses you.
The black bear barely misses you. The iguana closely misses you.
The black bear bites you!
You die...

..# ####.####.
#.# ####.........
#.###
##.......#### #
....##
#..###.##......
..#).#####.####.#
.....
..##..#....# #..#
.... ..###.#.####
#.### ..... ..#
#......#
#...#...... ..#
##.###.# ###@l#
.#####.# #
##hS.....
.......# #######
.####### .# .# .#


You could see a black bear (berserk), an iguana and a ball python.

Vanquished Creatures
  An orc priest (D:4)
  An orc wizard (D:4)
  6 adders
  2 worms (D:3)
  2 orcs (D:4)
  11 endoplasms
  4 giant cockroaches
  3 goblins
  9 hobgoblins
  3 jackals (D:3)
  6 kobolds
  A quokka (D:3)
  2 ball pythons
  9 bats
  4 frilled lizards (D:2)
  3 rats
67 creatures vanquished.

Notes
Turn   | Place    | Note
-------+----------+-------------------------------------------
     0 | D:1      | qw the Gargoyle Hexslinger began the quest for the Orb.
     0 | D:1      | Reached XP level 1. HP: 12/12 MP: 2/2
     0 | D:1      | 0 ||| qw: Version: 0.3-a-40-ge99b1a8
     0 | D:1      | 0 ||| qw: Game counter: 165
     0 | D:1      | 0 ||| qw: Melee chars always use a shield: true
     0 | D:1      | 0 ||| qw: God list: Okawaru
     0 | D:1      | 0 ||| qw: Allow faded altars: false
     0 | D:1      | 0 ||| qw: Do Orc after clearing Dungeon:15 true
     0 | D:1      | 0 ||| qw: Do second Lair branch before Depths: true
     0 | D:1      | 0 ||| qw: Lair rune preference: random
     0 | D:1      | 0 ||| qw: Goals: Normal
     0 | D:1      | 0 ||| PLANNING D:1-11
    77 | D:1      | Found Ublixt's Magic Scroll Emporium.
   101 | D:1      | 101 ||| SHOPLISTING scroll of enchant weapon (75 gold, have
                  | 0).
   101 | D:1      | 101 ||| SHOPLISTING scroll of teleportation (30 gold, have
                  | 0).
   208 | D:1      | Reached XP level 2. HP: 11/16 MP: 3/3
   545 | D:1      | 545 ||| UPGRADING to ring of protection from fire.
   546 | D:1      | 546 ||| READING 2 scrolls labelled BUR GAUNERRI.
   549 | D:1      | 549 ||| READING 3 scrolls labelled FIANKA RAXT.
   550 | D:1      | 550 ||| READING scroll labelled VERCHI UCWE.
   551 | D:1      | 551 ||| DRINKING 2 emerald potions.
   552 | D:1      | 552 ||| DROPPING scroll of poison.
   583 | D:2      | Reached skill level 3 in Ranged Weapons
   820 | D:2      | Reached XP level 3. HP: 21/21 MP: 4/4
  1083 | D:2      | Reached XP level 4. HP: 25/26 MP: 5/5
  1105 | D:2      | Reached skill level 4 in Ranged Weapons
  1245 | D:2      | 1245 ||| UPGRADING to +0 helmet.
  1250 | D:2      | 1250 ||| UPGRADING to +0 pair of gloves.
  1255 | D:2      | 1255 ||| READING scroll labelled CIATAT SOEPA.
  1256 | D:2      | 1256 ||| READING scroll labelled GEISUU KUGEUQ.
  1257 | D:2      | 1257 ||| READING 4 scrolls of identify.
  1257 | D:2      | 1257 ||| IDENTIFYING metallic coppery potion
  1258 | D:2      | 1258 ||| DROPPING potion of brilliance.
  1913 | D:3      | Found a shimmering blue altar of Sif Muna.
  2193 | D:3      | 2193 ||| UPGRADING to +0 cloak.
  2198 | D:3      | 2198 ||| UPGRADING to ring of see invisible.
  2199 | D:3      | 2199 ||| READING scroll labelled ISTAFE RIFEM.
  2200 | D:3      | 2200 ||| READING scroll labelled OFESIXK PO QUSA.
  2219 | D:3      | 2219 ||| DRINKING 2 sapphire potions.
  2270 | D:3      | 2270 ||| READING 4 scrolls of identify.
  2270 | D:3      | 2270 ||| IDENTIFYING black potion
  2271 | D:3      | 2271 ||| READING 3 scrolls of identify.
  2271 | D:3      | 2271 ||| IDENTIFYING clear potion
  2272 | D:3      | 2272 ||| READING 2 scrolls of identify.
  2272 | D:3      | 2272 ||| IDENTIFYING orange potion
  2273 | D:3      | 2273 ||| DROPPING potion of berserk rage.
  2274 | D:3      | 2274 ||| DROPPING potion of lignification.
  2304 | D:4      | Reached XP level 5. HP: 30/30 MP: 6/6
  2305 | D:4      | 2305 ||| STAIRDANCE
  2364 | D:4      | HP: 4/30 [orc priest/nerve-wracking pain (5)]
  2365 | D:4      | 2365 ||| READING scroll of teleportation.
  2366 | D:4      | 2366 ||| DRINKING potion of heal wounds.
  2401 | D:4      | Reached skill level 5 in Ranged Weapons
  2415 | D:4      | 2415 ||| DRINKING potion of curing.
  2415 | D:4      | 2415 ||| (to cure confusion)
  2462 | D:4      | Noticed a black bear
  2473 | D:4      | HP: 5/31 [black bear (4)]
  2477 | D:4      | Mangled by a black bear

Levels and vault maps discovered:
D:1:      psy_arrival_terrarium, layout_basic, serial_shops, shop
D:2:      minmay_skewed_foursquare, layout_rooms, st_stairs_6
D:3:      layout_basic, lemuel_doored_altar
D:4:      layout_rooms, nicolae_ru_great_annihilating_truth

Skill      XL: |  1  2  3  4  5 |
---------------+----------------+-----
Ranged Weapons | 3 4 5 |  5.2
Fighting       | 2 |  2.6
Dodging        | |  1.5
Spellcasting   | |  1.0
Hexes          | |  2.6

Action                     |  1- 3 |  4- 6 || total
---------------------------+-------+-------++-------
   Fire: Sling             |   126 |   192 ||   318
    Use: Scroll            |     3 |     9 ||    12
         Potion            |     1 |     3 ||     4
 Armour: Robe              |    27 |    64 ||    91
  Dodge: Dodged            |    43 |   105 ||   148

Table legend:
 A = Non-vault XP
 B = Vault XP
 C = Vault XP percentage of total XP
 D = Non-vault monster count
 E = Vault monster count
 F = Vault count percentage of total count
                 A         B        C        D         E       F
            +---------+---------+-------+---------+---------+-------
      Total |     245 |      26 |   9.6 |      59 |       8 |  11.9
            +---------+---------+-------+---------+---------+-------
        D:1 |      16 |       0 |   0.0 |       9 |       0 |   0.0
        D:2 |      57 |      26 |  31.3 |      21 |       8 |  27.6
        D:3 |      62 |       0 |   0.0 |      18 |       0 |   0.0
        D:4 |     110 |       0 |   0.0 |      11 |       0 |   0.0
            +---------+---------+-------+---------+---------+-------
